 Dungeon Crawl Stone Soup version 0.24.0-123-gd5b16e6ec5 (webtiles) character file.

Game seed: 162518663882919624, levelgen mode: deterministic

1370 Descartes the Gouger (level 8, -1/34 HPs)
             Began as a Felid Monk on Feb 12, 2020.
             Slain by a big kobold
             ... wielding a +2 whip of distortion
              (17 damage)
             ... on level 7 of the Dungeon.
             The game lasted 00:17:49 (9971 turns).

Descartes the Gouger (Felid Monk)                   Turns: 9971, Time: 00:17:51

Health: -1/34      AC:  2    Str:  8    XL:     8   Next: 38%
Magic:  10/10      EV: 25    Int: 11    God:
Gold:   434        SH:  0    Dex: 20    Spells: 6/9 levels left
                                        Lives:  0   Deaths: 2

rFire    . . .     SeeInvis +     - Unarmed
rCold    + . .     Gourm    .   (shield unavailable)
rNeg     . . .     Faith    .   (armour unavailable)
rPois    .         Spirit   .   (helmet unavailable)
rElec    .         Reflect  .   (cloak unavailable)
rCorr    .         Harm     .   (gloves unavailable)
MR       +....                  (boots unavailable)
Stlth    +++++.....             r - amulet of magic regeneration
HPRegen  0.11/turn              C - ring of protection from cold
MPRegen  0.37/turn              u - +2 ring of slaying

@: quick
A: very small, no armour, no weapons or thrown items, stealth, claws 1, fangs 3,
see invisible, carnivore, speed 1, shaggy fur 2, slow metabolism 1, sharp paws
a: no special abilities


You were on level 7 of the Dungeon.
You were full.

You visited 2 branches of the dungeon, and saw 8 of its levels.

You collected 434 gold pieces.

Inventory:

Missiles
 b - 108 arrows
 d - 217 stones
Jewellery
 h - an uncursed ring of protection from fire
 r - an amulet of magic regeneration (around neck)
 u - a +2 ring of slaying (right paw)
 y - a +3 ring of dexterity
 C - a ring of protection from cold (left paw)
Wands
 p - a wand of enslavement (12)
 q - a wand of paralysis (10)
 A - a wand of clouds (15)
Scrolls
 f - a scroll of fear {unknown}
 g - 3 scrolls of fog
 i - 8 scrolls of remove curse
 j - a scroll of immolation {unknown}
 k - 2 scrolls of teleportation {unknown}
 l - a scroll of brand weapon {unknown}
 n - a scroll of vulnerability {unknown}
 o - 4 scrolls of noise {unknown}
 t - 2 scrolls of random uselessness {unknown}
 v - 4 scrolls of blinking {unknown}
 w - a scroll of enchant armour {unknown}
 z - 4 scrolls of identify
 D - 2 scrolls of magic mapping {unknown}
Potions
 c - a potion of flight {unknown}
 e - 3 potions of might
 m - 3 potions of agility
 s - 6 potions of curing
 x - a potion of brilliance {unknown}
 B - a potion of heal wounds
Comestibles
 a - 19 rations


   Skills:
 - Level 3.0 Fighting
 + Level 8.3 Dodging
 + Level 8.4 Stealth
 * Level 8.5 Unarmed Combat
 + Level 1.1 Spellcasting
 + Level 3.5 Charms
 + Level 2.8 Necromancy


You had 6 spell levels left.
You knew the following spells:

 Your Spells              Type           Power        Failure   Level  Hunger
a - Regeneration          Chrm/Necr      #.........   26%         3    ####...

Your spell library contained the following spells:

 Spells                   Type           Power        Failure   Level  Hunger
 Animate Skeleton         Necr           N/A          10%         1    ##.....
 Pain                     Necr           #...         10%         1    ##.....
 Vampiric Draining        Necr           #.........   30%         3    ####...
 Animate Dead             Necr           N/A          69%         4    #####..


Dungeon Overview and Level Annotations

Branches:
Dungeon (7/15)             Temple (1/1) D:6

Altars:
Ashenzari
Cheibriados
Dithmenos
Elyvilon
Fedhas
Gozag
Hepliaklqana
Kikubaaqudgha
Makhleb
Nemelex Xobeh
Okawaru
Qazlal
Ru
Sif Muna
Trog
Uskayaw
Wu Jian
Xom
Yredelemnul
Zin
The Shining One

Annotations:
D:7 Ceapi's ghost, novice MiBe


Innate Abilities, Weirdness & Mutations

You cannot wear armour.
You are incapable of wielding weapons or throwing items.
Your paws allow you to move quietly. (Stealth)
You have sharp claws.
You have razor-sharp teeth.
You have supernaturally acute eyesight. (SInv)
You are carnivorous and can eat meat at any time.
You cover ground quickly.
You are covered in thick fur. (AC +2)
You have a slow metabolism.
Your sharp claws are effective at attacking unaware monsters.


Message History

You scratch the big kobold.
The big kobold is moderately wounded.
You barely miss the big kobold. Your claw misses the big kobold.
The big kobold is moderately wounded.
The big kobold completely misses you.
You claw the big kobold! Your bite misses the big kobold.
The big kobold is severely wounded.
The big kobold hits you with a +2 whip of distortion.
You feel strangely unstable.
You scratch the big kobold.
The big kobold is almost dead.
The big kobold hits you with a +2 whip of distortion!
You feel strangely stable.
You scratch the big kobold.
You bite the big kobold, but do no damage.
The big kobold is almost dead.
The big kobold hits you but does no damage.
Space warps horribly around you!
Ouch! That really hurt!
You die...

#...#.............'.###..#
..................#.....#
..!..........#....##≈⌠≈##
..........#..#.....#####
#.........#....KKK##
..##......#####KKK#
..#.......# ##WK#
.##.......## #K##
...........# #@#####
...#......## #.....#
..###......## ##.###.#
.##.......<.# #...##.##
............###...##..#
.............##8.8###.##
..............#...###..#
##.............8.8...[.#
##....###.............#


You could see 8 big kobolds and Ceapi's ghost.

Vanquished Creatures
  Grinder (D:6)
  Menkaure (D:6)
  2 phantoms
  An orc warrior (D:6)
  2 ogres
  3 centaurs (D:6)
  A big kobold (D:7)
  A gnoll sergeant (D:5)
  2 bullfrogs (D:6)
  A howler monkey (D:6)
  A crimson imp (D:5)
  A bullfrog zombie (D:6)
  A hound (D:4)
  2 orc priests (D:4)
  4 orc wizards
  2 jellies
  A centaur skeleton (D:7)
  3 iguanas
  3 worker ants
  A killer bee zombie (D:6)
  A hound zombie (D:4)
  A howler monkey skeleton (D:7)
  8 gnolls
  11 adders
  9 river rats (D:5)
  An ooze (D:6)
  7 worms
  3 dart slugs (D:3)
  3 leopard geckos
  16 orcs
  7 bats
  4 giant cockroaches
  5 goblins
  8 hobgoblins
  2 jackals (D:2)
  12 kobolds
  7 quokkas
  2 ball pythons
  8 frilled lizards
  A jackal skeleton (D:4)
  A quokka skeleton (D:4)
  24 rats
175 creatures vanquished.

Vanquished Creatures (others)
  4 plants (D:7)
4 creatures vanquished.

Grand Total: 179 creatures vanquished

Notes
Turn   | Place    | Note
-------+----------+-------------------------------------------
     0 | D:1      | Descartes the Felid Monk began the quest for the Orb.
     0 | D:1      | Reached XP level 1. HP: 10/10 MP: 2/2
   117 | D:1      | Reached XP level 2. HP: 14/14 MP: 3/3
   781 | D:2      | Reached XP level 3. HP: 17/17 MP: 4/4
  1389 | D:2      | Reached XP level 4. HP: 6/21 MP: 5/5
  2346 | D:3      | Reached skill level 5 in Dodging
  2886 | D:3      | Reached XP level 5. HP: 23/24 MP: 6/6
  3076 | D:4      | Noticed an ogre
  3123 | D:3      | Killed an ogre
  3123 | D:3      | Reached skill level 5 in Unarmed Combat
  3203 | D:4      | Reached skill level 5 in Stealth
  3235 | D:3      | Gained mutation: You are covered in thick fur. (AC +2)
                  | [Felid growth]
  3235 | D:3      | Reached XP level 6. HP: 14/28 MP: 7/7
  4827 | D:4      | Found a shattered altar of Ashenzari.
  4831 | D:4      | Found a hazy altar of Hepliaklqana.
  4831 | D:4      | Found an ornate altar of the Wu Jian Council.
  4899 | D:4      | Reached XP level 7. HP: 24/31 MP: 8/8
  5133 | D:4      | Found a sparkling altar of Nemelex Xobeh.
  5157 | D:5      | Entered Level 5 of the Dungeon
  6804 | D:6      | Found a staircase to the Ecumenical Temple.
  7068 | Temple   | Entered the Ecumenical Temple
  7579 | D:5      | Slain by a gnoll
  7580 | D:5      | Reached XP level 6. HP: -5/28 MP: 7/7
  7584 | D:5      | Learned a level 3 spell: Regeneration
  7909 | D:5      | Reached XP level 7. HP: 31/31 MP: 8/8
  8188 | D:6      | Reached skill level 1 in Charms
  8240 | D:6      | Reached skill level 1 in Necromancy
  8320 | D:6      | Noticed Grinder
  8324 | D:6      | Paralysed by Grinder for 3 turns
  8326 | D:6      | Slain by Grinder
  8327 | D:6      | Reached XP level 6. HP: -1/28 MP: 7/7
  8333 | D:6      | Found a glowing golden altar of the Shining One.
  8360 | D:6      | Noticed Menkaure
  8409 | D:6      | Killed Grinder
  8409 | D:6      | Reached XP level 7. HP: 28/31 MP: 8/8
  8729 | D:6      | Reached XP level 8. HP: 25/34 MP: 9/9
  8944 | D:6      | Killed Menkaure
  9043 | D:7      | Found a runed translucent gate.
  9044 | D:7      | Found a runed translucent gate.
  9045 | D:7      | Found a runed translucent gate.
  9047 | D:7      | Noticed Ceapi's ghost (novice MiBe)
  9107 | D:7      | Found a bloodstained altar of Trog.
  9388 | D:7      | Reached skill level 1 in Spellcasting
  9427 | D:7      | HP: 1/34 [poisoned by a big kobold]
  9828 | D:7      | Identified the +7 whip of Unpleasantness {drain, Int+3}
  9971 | D:7      | Slain by a big kobold

Levels and vault maps discovered:
D:1:      dpeg_arrival_snail, layout_basic, minmay_octomino_e4
D:2:      layout_loops_ring, first_ration
D:3:      layout_basic, kennysheep_nondescript
D:4:      layout_rooms, chequers_temple_overflow_statue_of_worship,
          kennysheep_little_box, chequers_serial_rivers_large_b,
          ashenzari_altar_1
D:5:      lemuel_ratsnest, layout_loops_cross
D:6:      layout_loops_ring, tso_metal_star,
          minmay_temple_entry_statues_fountains, uniq_grinder, uniq_menkaure
D:7:      layout_cave_pools, serial_column_ruins, column_ruins_hut,
          column_ruins_hut, column_ruins_grid_4, column_ruins_corridor_T,
          column_ruins_open_tiny, gammafunk_ghost_nasty_kobolds, basic_altar,
          grunt_ogre_cave
Temple:   kb_temple_of_zot

Skill      XL: |  1  2  3  4  5  6  7  8 |
---------------+-------------------------+-----
Stealth        | 3 4 5 7 8 |  8.4
Unarmed Combat | 4 5 6 8 |  8.5
Dodging        | 5 6 8 |  8.3
Charms         | 2 3 |  3.5
Necromancy     | 2 |  2.8
Spellcasting   | 1 |  1.1
Fighting       | |  3.0

Action                   |  1- 3 |  4- 6 |  7- 9 || total
-------------------------+-------+-------+-------++-------
Melee: Unarmed           |   109 |   254 |   294 ||   657
       Bite              |     3 |    25 |    34 ||    62
       Punch             |     2 |     3 |     9 ||    14
 Cast: Regeneration      |       |       |     2 ||     2
Evoke: Wand              |       |       |     1 ||     1
  Use: Potion            |     2 |     1 |     1 ||     4
       Scroll            |       |     1 |     6 ||     7
 Stab: Sleeping          |    10 |    11 |    11 ||    32
       Distracted        |     1 |     2 |     1 ||     4
       Paralysed         |       |       |     1 ||     1
  Eat: Chunk             |     8 |    10 |    15 ||    33
Armor: Skin              |     8 |    15 |     6 ||    29
Dodge: Dodged            |    84 |   179 |   253 ||   516
